 Dungeon Crawl Stone Soup version 0.25.1-2-g60ff931df9 (webtiles) character file.

Game seed: 6948101785344170921

407 Joresh2 the Magician (level 6, 0/55 HPs)
             Began as a Naga Transmuter on Aug 28, 2020.
             Slain by an ooze (5 damage)
             ... on level 3 of the Dungeon.
             The game lasted 00:19:11 (3720 turns).

Joresh2 the Magician (Naga Transmuter)              Turns: 3720, Time: 00:19:12

Health: 0/55       AC:  4    Str: 12    XL:     6   Next: 88%
Magic:  11/11      EV: 10    Int: 15    God:
Gold:   96         SH:  0    Dex: 12    Spells: 9/12 levels left

rFire    . . .     SeeInvis +   g - +1 dagger (venom)
rCold    . . .     Gourm    .   (no shield)
rNeg     . . .     Faith    .   f - +0 robe
rPois    +         Spirit   .   (no helmet)
rElec    .         Reflect  .   c - +0 cloak
rCorr    .         Harm     .   (no gloves)
MR       .....                  (no barding)
Stlth    +.........             (no amulet)
HPRegen  0.18/turn              (no ring)
MPRegen  0.12/turn              (no ring)

@: very slow
A: large, see invisible, deformed body, poison resistance, slowness 2, slow
metabolism 1, spit poison 1, AC +2
a: Spit Poison


You were on level 3 of the Dungeon.
You were not hungry.

You visited 1 branch of the dungeon, and saw 4 of its levels.

You collected 96 gold pieces.

Inventory:

Hand Weapons
 g - a +1 dagger of venom (weapon)
 s - a +0 hunting sling
Missiles
 a - 92 arrows
 m - 15 sling bullets
 n - 123 stones (quivered)
Armour
 b - a +0 robe
 c - a +0 cloak (worn)
 f - a +0 robe (worn)
 r - a +0 robe
Jewellery
 j - a cursed ring of attention {unknown}
Scrolls
 e - 4 scrolls of identify
 k - a scroll of fear {unknown}
 l - 2 scrolls of blinking {unknown}
 p - a scroll of remove curse {unknown}
 q - a scroll of immolation {unknown}
Potions
 h - a potion of curing
 i - a potion of lignification
 o - a potion of haste {unknown}
 t - a potion of ambrosia {unknown}
 u - a potion of flight {unknown}
Comestibles
 d - 3 rations
 v - 2 chunks of flesh


   Skills:
 + Level 2.5 Fighting
 + Level 2.4 Short Blades
 + Level 2.8 Dodging
 - Level 0.5 Stealth
 + Level 3.4 Unarmed Combat
 + Level 3.6 Spellcasting
 + Level 3.4 Transmutations


You had 9 spell levels left.
You knew the following spells:

 Your Spells              Type           Power        Failure   Level  Hunger
a - Beastly Appendage     Tmut           ##....       4%          1    None
b - Sticks to Snakes      Tmut           ##......     7%          2    ##.....

Your spell library contained the following spells:

 Spells                   Type           Power        Failure   Level  Hunger
 Spider Form              Tmut/Pois      #.........   28%         3    ###....
 Ice Form                 Ice/Tmut       #.......     67%         4    ####...
 Blade Hands              Tmut           ##........   77%         5    ######.


Dungeon Overview and Level Annotations

Branches:
Dungeon (4/15)
 Temple: D:4-7

Altars:
Dithmenos

Annotations:
D:3 Grinder


Innate Abilities, Weirdness & Mutations

You cannot wear boots.
Your serpentine skin is tough. (AC +2)
You have supernaturally acute eyesight. (SInv)
Armour fits poorly on your strangely shaped body.
Your system is resistant to poisons. (rPois)
You cover ground very slowly.
You have a slow metabolism.
You can spit poison.


Message History

A leopard gecko comes into view.
The orc hits you with a +0 dagger.
* * * LOW HITPOINT WARNING * * *
The leopard gecko moves out of view.
The phantom blinks!
The ooze hits you but does no damage.
There is a stone staircase leading up here.
The orc hits you but does no damage.
The bullfrog skeleton closely misses you.
The ooze barely misses you.
You climb upwards.
Level annotation: Grinder
There is a stone staircase leading down here.
As you read the scroll labeled JATHRO DULITA, it crumbles to dust.
It is a scroll of identify.
i - a potion of lignification The orc hits you with a +0 dagger.
* * * LOW HITPOINT WARNING * * *
The ooze hits you.
You die...

####### .......
.......#################
........J...............
......o@..............##
........###.#..)..#...#
........##..#.###.#...#
#####+####.#......#.#.##
#......###.#..#
####.......#..#
#.......###...
#.#..#......#. +
#...#.###.#.


You could see an ooze and an orc.

Vanquished Creatures
  A howler monkey (D:4)
  A hound (D:3)
  2 orc priests
  3 orc wizards
  A worker ant (D:4)
  9 adders
  An ooze (D:1)
  2 worms
  3 dart slugs (D:1)
  3 leopard geckos
  4 orcs
  A ball python (D:1)
  4 bats (D:1)
  4 giant cockroaches
  4 goblins
  8 hobgoblins
  6 jackals
  2 quokkas
  4 frilled lizards
  5 kobolds
  A quokka skeleton (D:4)
  13 rats
82 creatures vanquished.

Notes
Turn   | Place    | Note
-------+----------+-------------------------------------------
     0 | D:1      | Joresh2 the Naga Transmuter began the quest for the Orb.
     0 | D:1      | Reached XP level 1. HP: 18/18 MP: 3/3
    65 | D:1      | Reached XP level 2. HP: 15/25 MP: 5/5
   534 | D:1      | Reached XP level 3. HP: 31/31 MP: 4/6
  1176 | D:2      | Learned a level 2 spell: Sticks to Snakes
  1332 | D:2      | Reached XP level 4. HP: 34/38 MP: 4/7
  1499 | D:2      | Reached skill level 1 in Short Blades
  1913 | D:2      | Reached XP level 5. HP: 35/44 MP: 7/9
  3003 | D:3      | Reached XP level 6. HP: 47/52 MP: 8/10
  3061 | D:3      | Noticed Grinder
  3489 | D:4      | Found a shadowy altar of Dithmenos.
  3668 | D:4      | Noticed a phantom
  3720 | D:3      | Slain by an ooze

Illustrated notes

Levels and vault maps discovered:
D:1:      psy_arrival_terrarium, layout_basic, nrook_loot_triangle
D:2:      layout_basic, minmay_misc_feat_hallway
D:3:      layout_basic, portal_sewer_entry_b, minmay_snake_closets,
          uniq_jessica, uniq_grinder
D:4:      layout_basic, nicolae_dithmenos_the_darkroom, first_ration,
          serial_shops, shop_fountains

Skill      XL: |  1  2  3  4  5 |
---------------+----------------+-----
Dodging        | 2 |  2.8
Short Blades   | 1 2 |  2.4
Spellcasting   | 3 |  3.6
Transmutations | 3 |  3.4
Fighting       | 2 |  2.5
Stealth        | |  0.5
Unarmed Combat | |  3.4

Action                   |  1- 3 |  4- 6 || total
-------------------------+-------+-------++-------
Melee: Unarmed           |    26 |       ||    26
       Headbutt          |     6 |    24 ||    30
       Dagger            |    58 |   180 ||   238
 Cast: Beastly Appendage |    18 |    24 ||    42
 Abil: Spit Poison       |     6 |       ||     6
  Use: Scroll            |       |     1 ||     1
  Eat: Chunk             |     1 |     4 ||     5
       Ration            |       |     1 ||     1
Armor: Robe              |    26 |    41 ||    67
Dodge: Dodged            |    55 |    73 ||   128
